 Dungeon Crawl Stone Soup version 0.19.0-18-g426998a (webtiles) character file.

53 dracos369 the Slasher (level 3, -3/23 HPs)
             Began as a Tengu Chaos Knight on Nov 11, 2016.
             Slain by a gnoll (4 damage)
             ... on level 2 of the Dungeon.
             The game lasted 00:04:05 (962 turns).

dracos369 the Slasher (Tengu Chaos Knight)           Turns: 962, Time: 00:04:08

Health: -3/23      AC:  5    Str: 13    XL:     3   Next: 87%
Magic:  4/4        EV: 11    Int: 12    God:    Xom [..*...]
Gold:   139        SH:  0    Dex: 13    Spells: 0 memorised, 2 levels left

rFire  . . .     SeeInvis .     a - +0 falchion (chaos)
rCold  . . .     Gourm    +     b - +2 leather armour
rNeg   . . .     Faith    .     (no shield)
rPois  .         Spirit   .     (helmet restricted)
rElec  .         Reflect  .     (no cloak)
rCorr  .         Harm     .     (no gloves)
MR     .....                    (boots unavailable)
Stlth  +.........               t - amulet of the gourmand
                                (no ring)
                                (no ring)

@: very slightly contaminated, invisible
A: beak, talons 3
a: Renounce Religion


You were on level 2 of the Dungeon.
You worshipped Xom.
You were a toy of Xom.
You were not hungry.

You visited 1 branch of the dungeon, and saw 2 of its levels.

You collected 139 gold pieces.

Inventory:

Hand Weapons
 a - a +0 falchion of chaos (weapon)
 n - a +0 dagger
Missiles
 e - 16 sling bullets
 g - 105 stones (quivered)
 l - 36 poisoned needles
Armour
 b - a +2 leather armour (worn)
Jewellery
 t - an amulet of the gourmand (around neck)
Scrolls
 d - a scroll of teleportation {unknown}
 i - 2 scrolls of enchant armour {unknown}
 j - a scroll of immolation {unknown}
 p - a scroll of blinking {unknown}
 q - a scroll of recharging {unknown}
 r - a scroll of identify {unknown}
 s - a scroll of magic mapping {unknown}
 w - a scroll of remove curse {unknown}
Potions
 h - a potion of curing
 k - a potion of might {unknown}
 u - 2 potions of degeneration {unknown}
 v - a potion of heal wounds {unknown}
 x - a potion of berserk rage {unknown}
Comestibles
 c - 3 bread rations
 m - a slice of pizza
 o - a meat ration


   Skills:
 - Level 3.0 Fighting
 + Level 5.1 Long Blades
 - Level 2.1 Armour
 - Level 1.1 Dodging


You had 2 spell levels left.
You didn't know any spells.

Dungeon Overview and Level Annotations

Branches:
Dungeon (2/15)

Altars:


Innate Abilities, Weirdness & Mutations

You have a beak for a mouth.
You have claws for feet.


Message History

Your peck misses the gnoll.
The gnoll is lightly wounded.
The gnoll barely misses you.
You riposte.
You closely miss the gnoll. You claw the gnoll. You peck the gnoll.
The gnoll is moderately wounded.
The gnoll hits you but does no damage.
You catch the helpless gnoll completely off-guard!
You hit the gnoll.
The gnoll is poisoned.
Your kick misses the gnoll. You peck the gnoll.
The gnoll is heavily wounded.
You kill the gnoll!
Your Long Blades skill increases to level 5!
The gnoll closely misses you. The gnoll misses you. x2
You hit the gnoll.
The gnoll seems to slow down.
You claw the gnoll. Your peck misses the gnoll.
The gnoll is almost dead.
The gnoll closely misses you. The gnoll hits you with a spear.
* * * LOW HITPOINT WARNING * * *
The gnoll barely misses you. The gnoll hits you.
You die...

#.# #...####..####....... #.#
#...# #..########### ### #..
#...# #..##...###### ..# #..
#...# #..##........# #.# #..
#b..# #..##........# #.# #..
#<..# #..###.......# #.#
#.#.###.b# #....#.......#
#.#####.#.....g####..###........
##....##.##.##bg@.....# #.......#
.......#.#...)bg##...## #.......#
###....#.#...##.##...# #.......#
.....................#########.##
###......#.#..#.###..............
# #...#.##....#.# #......#####.##
#...#.##......####.###.#.......
#.....##.##..##....# #.#.###...
#...#.##.###.##.##.# #.#.######


You could see 3 gnolls.

Vanquished Creatures
  A gnoll (D:2)
  An adder (D:2)
  2 dart slugs (D:1)
  A leopard gecko (D:2)
  A ball python (D:1)
  5 bats
  3 giant cockroaches
  A goblin (D:1)
  A hobgoblin (D:2)
  2 jackals (D:1)
  2 frilled lizards
  4 kobolds (D:1)
  6 rats
30 creatures vanquished.

Notes
Turn   | Place    | Note
-------+----------+-------------------------------------------
     0 | D:1      | dracos369 the Tengu Chaos Knight began the quest for the Orb.
     0 | D:1      | Reached XP level 1. HP: 14/14 MP: 2/2
   103 | D:1      | Reached XP level 2. HP: 19/19 MP: 3/3
   185 | D:1      | Reached skill level 4 in Long Blades
   485 | D:1      | Reached XP level 3. HP: 16/23 MP: 4/4
   552 | D:2      | XOM: harmless Hex miscast
   601 | D:2      | XOM: divination: detect creatures
   784 | D:2      | Found a faded altar of an unknown god.
   857 | D:2      | XOM: silly message
   953 | D:2      | HP: 1/23 [gnoll/halberd (6)]
   953 | D:2      | XOM: butterfly on damage
   955 | D:2      | XOM: potion effect (invisibility)
   961 | D:2      | Reached skill level 5 in Long Blades
   962 | D:2      | HP: 1/23 [gnoll/spear (3)]
   962 | D:2      | Slain by a gnoll

Skill      XL: |  1  2  3 |
---------------+----------+-----
Long Blades    | 4 5 |  5.1
Fighting       | |  3.0
Armour         | |  2.1
Dodging        | |  1.1

Action                   || total
-------------------------++-------
Melee: Falchion          ||    78
       Peck              ||    18
       Kick              ||    13
Throw: Stone             ||     1
  Use: Potion            ||     1
 Stab: Invisible         ||     1
  Eat: Chunk             ||     4
Armor: Leather armour    ||    29
Dodge: Dodged            ||    78
       Rpst.: Falchion   ||    16
